 Dungeon Crawl Stone Soup version 0.26-a0-812-g31a745ddcd (webtiles) character file.

Game seed: 9429810063833913453

10503 kae the Grappler (level 11, -16/92 HPs)
             Began as a Grey Draconian Transmuter on Nov 24, 2020.
             Was a High Priest of Wu Jian.
             Demolished by an ogre
             ... wielding a +0 giant club
              (25 damage)
             ... on level 10 of the Dungeon.
             The game lasted 00:09:28 (14750 turns).

kae the Grappler (Grey Draconian Transmuter)       Turns: 14750, Time: 00:09:28

Health: -16/92     AC: 16    Str: 15    XL:     11   Next: 37%
Magic:  15/20      EV: 15    Int: 14    God:    Wu Jian [*****.]
Gold:   501        SH:  0    Dex: 12    Spells: 9/22 levels left

rFire    . . .     SeeInvis .     - Unarmed
rCold    . . .     Faith    .   (shield currently unavailable)
rNeg     . . .     Spirit   .   (armour unavailable)
rPois    .         Reflect  .   (helmet restricted)
rElec    .         Harm     .   (no cloak)
rCorr    .         Rampage  .   (gloves currently unavailable)
MR       +....                  (no boots)
Stlth    +.........             (no amulet)
HPRegen  0.25/turn              q - ring of protection from magic
MPRegen  0.17/turn              t - +4 ring of protection

@: lethally poisoned (-16 -> -17), blade hands, studying Long Blades
A: walk through water, unfitting armour, unbreathing, cold-blooded, AC +12
a: End Transformation, Wall Jump, Serpent's Lash, Heavenly Storm, Renounce
Religion


You were on level 10 of the Dungeon.
You worshipped Wu Jian.
Wu Jian was extremely pleased with you.
You had blades for hands.
You visited 2 branches of the dungeon, and saw 11 of its levels.

You collected 599 gold pieces.
You spent 98 gold pieces at shops.

Inventory:

Jewellery
 b - an uncursed ring of fire
 d - an uncursed ring of fire
 i - an uncursed ring of resist corrosion
 j - an uncursed ring of protection from magic
 k - an uncursed ring of ice
 q - a ring of protection from magic (left scythe-like blade)
 t - a +4 ring of protection (right scythe-like blade)
 A - an uncursed ring of ice
Wands
 x - a wand of disintegration (15)
Scrolls
 c - 2 scrolls of fog
 e - 5 scrolls of enchant armour
 f - 2 scrolls of identify
 n - a scroll of fear
 p - 2 scrolls of amnesia
 s - 5 scrolls of enchant weapon
 u - 2 scrolls of teleportation
 w - 2 scrolls of remove curse
Potions
 a - 2 potions of heal wounds
 g - 3 potions of might
 h - 4 potions of curing
 l - 2 potions of attraction
 m - a potion of cancellation
 o - 4 potions of lignification
 r - a potion of resistance
 v - a potion of flight
 z - 2 potions of haste
Books
 B - a manual of Long Blades


   Skills:
 + Level 7.3 Fighting
 + Level 6.3 Dodging
 * Level 10.2 Unarmed Combat
 + Level 6.3 Spellcasting
 * Level 9.7 Transmutations
 - Level 3.0 Poison Magic


You had 9 spell levels left.
You knew the following spells:

 Your Spells              Type           Power        Failure   Level
a - Beastly Appendage     Tmut           ####..       10%         1
b - Spider Form           Tmut/Pois      ###.......   26%         3
c - Blade Hands           Tmut           ####......   41%         5
d - Ice Form              Ice/Tmut       ###.....     63%         4

Your spell library contained the following spells:

 Spells                   Type           Power        Failure   Level
 Wereblood                Tmut           ####....     11%         2
 Foxfire                  Conj/Fire      #...         56%         1
 Conjure Flame            Conj/Fire      #.......     82%         3
 Inner Flame              Hex/Fire       #.......     82%         3
 Sticky Flame             Conj/Fire      #.......     98%         4
 Fireball                 Conj/Fire      #.........   100%        5


Dungeon Overview and Level Annotations

Branches:
Dungeon (10/15)            Temple (1/1) D:4
   Lair: D:8-11         Orc: D:9-12

Altars:
Ashenzari
Cheibriados
Dithmenos
Elyvilon
Fedhas
Gozag
Hepliaklqana
Kikubaaqudgha
Makhleb
Nemelex Xobeh
Okawaru
Qazlal
Ru
Sif Muna
Trog
Uskayaw
Vehumet
Wu Jian
Xom
Yredelemnul
Zin
The Shining One

Shops:
D:6 =   D:9 *

Annotations:
D:8 1 runed translucent door
D:9 4 runed translucent doors


Innate Abilities, Weirdness & Mutations

You can walk through water.
Your dull iron-grey scales are very hard. (AC +12)
You cannot fit into any form of body armour.
You can survive without breathing.
You are cold-blooded and may be slowed by cold attacks.


Message History

You spin and attack the yak.
You slice the yak!!
The yak is heavily wounded.
Your hands revert to their normal proportions.
You feel sick. The ogre misses you. The yak gores you but does no damage.
You hit the yak but do no damage.
The yak is heavily wounded.
The kobold misses you. The ogre hits you with a +0 giant club!
You hit the yak but do no damage.
The yak is heavily wounded.
You feel sick. The yak gores you but does no damage.
The kobold hits you but does no damage.
Casting: Blade Hands (dangerous; 8% risk of failure)
Confirm with . or Enter, or press ? or * to list all spells.
Your hands turn into razor-sharp scythe blades.
The ogre hits you with a +0 giant club!!
* * * LOW HITPOINT WARNING * * *
The yak misses you. The kobold closely misses you.
You feel sick. The yak misses you.
The ogre hits you with a +0 giant club!!
You die...

. ###########..
#............
#............
############............
.............$†.@.......
#######..(.....KYO......
......+........(.$....''
#######...............##
#.....####+######
#.....##.....[#
#.....##......#
#......)......#
#....)))......#


You could see a yak, an ogre and a kobold.

Vanquished Creatures
  A two-headed ogre (D:8)
  A cyclops (D:9)
  A tengu conjurer (D:9)
  A troll (D:7)
  5 wraiths (D:8)
  4 yaks
  17 fire bats (D:8)
  A steam dragon (D:8)
  2 sky beasts
  6 orc warriors
  A black bear (D:9)
  2 ogres
  A phantom (D:5)
  6 centaurs
  4 ice beasts
  A big kobold (D:10)
  4 bullfrogs
  2 scorpions (D:9)
  7 killer bees (D:8)
  3 howler monkeys (D:7)
  6 wights
  A bullfrog zombie (D:5)
  5 hounds
  3 centaur skeletons
  9 orc priests
  2 jellies
  11 orc wizards
  4 iguanas
  14 worker ants
  A killer bee zombie (D:8)
  2 hound skeletons
  10 gnolls
  13 adders
  A shadow imp (D:5)
  2 white imps (D:7)
  4 ufetubi
  4 oozes
  An adder skeleton (D:9)
  4 worms
  2 dart slugs (D:3)
  6 leopard geckos
  54 orcs
  2 ball pythons
  64 bats
  7 giant cockroaches
  6 goblins
  5 hobgoblins
  13 jackals
  11 kobolds
  4 quokkas
  6 frilled lizards
  9 rats
356 creatures vanquished.

Notes
Turn   | Place    | Note
-------+----------+-------------------------------------------
     0 | D:1      | kae the Draconian Transmuter began the quest for the Orb.
     0 | D:1      | Reached XP level 1. HP: 16/16 MP: 3/3
   188 | D:1      | Reached XP level 2. HP: 23/23 MP: 3/5
   690 | D:1      | Reached XP level 3. HP: 26/28 MP: 4/6
   695 | D:1      | Learned a level 3 spell: Spider Form
  1457 | D:2      | Found a blossoming altar of Fedhas.
  1459 | D:2      | Found a radiant altar of Vehumet.
  1848 | D:2      | Reached XP level 4. HP: 35/35 MP: 5/7
  2109 | D:2      | Reached skill level 1 in Poison Magic
  2770 | D:2      | Reached XP level 5. HP: 16/41 MP: 8/8
  2967 | D:3      | Reached skill level 4 in Unarmed Combat
  3967 | D:4      | Noticed an ogre
  3974 | D:4      | Killed an ogre
  3974 | D:4      | Reached XP level 6. HP: 31/48 MP: 5/10
  4142 | D:4      | Found a sacrificial altar of Ru.
  4171 | D:4      | Found a staircase to the Ecumenical Temple.
  4197 | Temple   | Entered the Ecumenical Temple
  4343 | Temple   | Became a worshipper of the Wu Jian Council
  4941 | D:5      | Entered Level 5 of the Dungeon
  4941 | D:5      | Found an iron altar of Okawaru.
  4954 | D:5      | Your scales start taking on a dull iron-grey colour.
  4954 | D:5      | Reached XP level 7. HP: 15/56 MP: 8/11
  4954 | D:5      | Gained mutation: You can survive without breathing. [Grey
                  | Draconian growth]
  4987 | D:5      | HP: 2/56 [poisoned by a worker ant]
  4995 | D:5      | HP: 2/56 [poisoned by a worker ant]
  5003 | D:5      | HP: 1/56 [poisoned by a worker ant]
  5414 | D:5      | Found a sparkling altar of Nemelex Xobeh.
  5425 | D:5      | Reached skill level 5 in Unarmed Combat
  6181 | D:5      | Reached skill level 5 in Transmutations
  6181 | D:5      | Reached XP level 8. HP: 63/63 MP: 10/13
  6761 | D:6      | Reached skill level 6 in Unarmed Combat
  6893 | D:6      | Found Cokkul's Jewellery Shoppe.
  6901 | D:6      | Bought a cursed ring of teleportation for 49 gold pieces
  6901 | D:6      | Bought a cursed ring of attention for 49 gold pieces
  7033 | D:6      | Reached * piety under Wu Jian
  8592 | D:6      | Reached XP level 9. HP: 56/72 MP: 12/15
  8609 | D:6      | Learned a level 5 spell: Blade Hands
  8614 | D:6      | Learned a level 4 spell: Ice Form
  8796 | D:7      | Noticed a troll
  8901 | D:7      | Killed a troll
  8901 | D:7      | Reached skill level 7 in Unarmed Combat
  9052 | D:7      | Reached ** piety under Wu Jian
  9479 | D:7      | Reached skill level 5 in Fighting
  9523 | D:7      | Found a hide-covered altar of Uskayaw.
  9524 | D:7      | Found a shimmering blue altar of Sif Muna.
  9775 | D:8      | Noticed a white ugly thing
 10085 | D:8      | Found a runed translucent door.
 10093 | D:8      | Reached skill level 8 in Unarmed Combat
 10093 | D:8      | Reached skill level 5 in Spellcasting
 10097 | D:8      | Reached skill level 5 in Dodging
 10156 | D:8      | Found a shadowy altar of Dithmenos.
 10163 | D:8      | Reached XP level 10. HP: 57/83 MP: 13/17
 10284 | D:8      | Found a basalt altar of Yredelemnul.
 10295 | D:8      | Reached *** piety under Wu Jian
 10320 | D:8      | Noticed a flayed ghost
 10341 | D:8      | Found a snail-covered altar of Cheibriados.
 10526 | D:8      | Found a snail-covered altar of Cheibriados.
 10836 | D:8      | Found a shimmering altar of Xom.
 10892 | D:8      | Found a stormy altar of Qazlal.
 10902 | D:8      | Reached **** piety under Wu Jian
 10902 | D:8      | Reached skill level 9 in Unarmed Combat
 11545 | D:8      | Found an iron altar of Okawaru.
 11796 | D:8      | Found a snail-covered altar of Cheibriados.
 12882 | D:9      | Reached XP level 11. HP: 81/91 MP: 10/20
 13157 | D:9      | Found Jawkupn's General Store.
 13169 | D:9      | Noticed a two-headed ogre
 13223 | D:8      | Killed a two-headed ogre
 13428 | D:9      | Reached ***** piety under Wu Jian
 13480 | D:9      | Found a large runed translucent door.
 13480 | D:9      | Found a large runed translucent door.
 13544 | D:9      | Found a large runed translucent door.
 13544 | D:9      | Found a large runed translucent door.
 14359 | D:10     | Entered Level 10 of the Dungeon
 14369 | D:9      | Reached skill level 10 in Unarmed Combat
 14750 | D:10     | Demolished by an ogre

Illustrated notes

Levels and vault maps discovered:
D:1:      dpeg_arrival_brainrot, layout_rooms
D:2:      layout_basic, nicolae_overflow_hidden_temple
D:3:      layout_rooms
D:4:      layout_cave_pools, kennysheep_little_box,
          minmay_temple_entry_antechambers, kennysheep_generic_room_13
D:5:      layout_basic, overflow_temple_1_default, minivault_23, st_stairs_4,
          okawaru_metal_pillars_1_2
D:6:      layout_basic, portal_sewer_entry_d, enter_ossuary_5, serial_shops,
          nicolae_shop_temple_entry_statues_fountains, grunt_ministairs_2,
          minmay_increasing_density
D:7:      layout_loops_cross, minitemple
D:8:      due_megacathedral, layout_basic, lemuel_crystal_altar,
          lemuel_crystal_altar, st_stairs_4, eino_jars
D:9:      layout_loops_cross, serial_shops, kennysheep_mini_moat,
          corexii_checkpoint_a, minmay_hollow_rounded_squares
D:10:     layout_basic, ebering_ghost_inner_flame, basic_altar,
          minmay_three_doors
Temple:   eino_narrow_crystal_temple

Skill      XL: |  1  2  3  4  5  6  7  8  9 10 11 |
---------------+----------------------------------+-----
Dodging        | 2 3 4 5 6 |  6.3
Poison Magic   | 1 2 3 |  3.0
Transmutations | 3 4 5 6 7 9 |  9.7
Unarmed Combat | 4 5 6 8 9 10 | 10.2
Fighting       | 2 3 4 5 6 7 |  7.3
Spellcasting   | 3 4 5 6 |  6.3

Action                   |  1- 3 |  4- 6 |  7- 9 | 10-12 || total
-------------------------+-------+-------+-------+-------++-------
Melee: Unarmed           |    95 |   149 |   346 |   431 ||  1021
       Kick              |    21 |    14 |       |       ||    35
       Headbutt          |    10 |     8 |       |       ||    18
       Tailslap          |     5 |     6 |    15 |    22 ||    48
       Punch             |       |       |       |    11 ||    11
 Cast: Beastly Appendage |    21 |    16 |       |       ||    37
       Spider Form       |       |    12 |    40 |    21 ||    73
       Blade Hands       |       |       |     3 |    26 ||    29
Invok: Lunge             |       |     2 |    27 |    41 ||    70
       Whirlwind         |       |       |     6 |     9 ||    15
  Use: Scroll            |       |     4 |    12 |     6 ||    22
       Potion            |       |     1 |     1 |       ||     2
 Stab: Sleeping          |       |       |     1 |     1 ||     2
Armor: Skin              |    26 |    27 |    67 |   142 ||   262
Dodge: Dodged            |    60 |   108 |   287 |   480 ||   935

Table legend: (Time is in decaauts)
 A = Elapsed time spent in this place.
 B = Non-inter-level travel time spent in this place.
 C = Inter-level travel time spent in this place.
 D = Time resting spent in this place.
 E = Time spent auto-exploring this place.
 F = Levels seen in this place.
 G = Mean time per level.
                   A        B        C        D        E       F      G
               +--------+--------+--------+--------+--------+-----+--------+
         Total |  14675 |  14213 |    462 |    691 |  11423 |  11 | 1334.1 |
       Dungeon |  14522 |  14075 |    447 |    691 |  11287 |  10 | 1452.2 |
        Temple |    152 |    137 |     15 |      0 |    136 |   1 |  152.0 |
               +--------+--------+--------+--------+--------+-----+--------+

Top non-repeatable levels by time:
     D:8: 2624 daAuts
     D:6: 2163 daAuts
     D:2: 1731 daAuts
     D:9: 1673 daAuts
     D:5: 1485 daAuts
     D:3: 1363 daAuts
     D:7: 1352 daAuts
     D:4: 1035 daAuts
     D:1: 860 daAuts
    D:10: 232 daAuts
  Temple: 152 daAuts
